 Dungeon Crawl Stone Soup version 0.25-a0-571-gb5e01bddfa (webtiles) character file.

Game seed: 6714659923584061347, levelgen mode: deterministic

9365 Amnekian the Grappler (level 11, -3/94 HPs)
             Began as a Troll Fighter on Feb 26, 2020.
             Was a Priest of Hepliaklqana.
             Killed from afar by an ice dragon (13 damage)
             ... with a blast of cold
             ... in an ice cave on Feb 29, 2020.
             The game lasted 00:51:54 (9464 turns).

Amnekian the Grappler (Troll Fighter)               Turns: 9464, Time: 00:51:55

Health: -3/94      AC:  7    Str: 26    XL:     11   Next: 22%
Magic:  10/10      EV: 12    Int:  6    God:    Hepliaklqana [***...]
Gold:   698        SH: 12    Dex: 10    Spells: 8/10 levels left

rFire    . . .     SeeInvis .     - Unarmed
rCold    . . .     Gourm    +   b - +1 kite shield
rNeg     . . .     Faith    .   a - +0 robe
rPois    +         Spirit   .   (helmet restricted)
rElec    .         Reflect  .   l - +0 cloak
rCorr    .         Harm     .   (gloves unavailable)
MR       +....                  (boots unavailable)
Stlth    ++........             L - amulet of magic regeneration
HPRegen  0.65/turn              E - ring "Bacseg" {rPois MR+ Stlth+}
MPRegen  0.37/turn              x - ring of flight

@: mighty, very slightly contaminated
A: large, unfitting armour, reduced essence, claws 3, fast metabolism 3,
gourmand, regeneration 1, shaggy fur 1, tough skin 3
a: Recall Ancestor, Ancestor Identity, Transference, Renounce Religion, Evoke
Flight


You were in an ice cave.
You worshipped Hepliaklqana.
Hepliaklqana was most pleased with you.
You were not hungry.

You visited 2 branches of the dungeon, and saw 12 of its levels.
You also visited: Bailey and Ice Cave.

You collected 698 gold pieces.

Inventory:

Missiles
 h - 145 stones
 v - 39 poisoned darts
 G - 8 boomerangs (quivered)
Armour
 a - a +0 robe (worn)
 b - a +1 kite shield (worn)
 g - a scarf of repulsion
 l - a +0 cloak (worn)
 D - a +0 chain mail
Magical Staves
 K - an uncursed staff of earth {unknown}
Jewellery
 p - a cursed ring of positive energy
 x - a ring of flight (right claw)
 E - the ring "Bacseg" (left claw) {rPois MR+ Stlth+}
   (You found it on level 5 of the Dungeon)

   [ring of protection from magic]

   It protects you from poison.
   It affects your resistance to hostile enchantments.
   It makes you more stealthy.
 J - a +3 ring of intelligence
 L - an amulet of magic regeneration (around neck)
Wands
 e - a wand of polymorph (3)
 r - a wand of flame (9)
 N - a wand of paralysis (11)
Scrolls
 f - 3 scrolls of teleportation
 j - a scroll of random uselessness
 k - 4 scrolls of identify
 n - 3 scrolls of magic mapping
 o - a scroll of amnesia
 t - 2 scrolls of enchant armour
 w - 2 scrolls of fear
 y - 2 scrolls of blinking
 A - 2 scrolls of remove curse
 F - a scroll of vulnerability {unknown}
 H - a scroll of noise
Potions
 c - 3 potions of might
 i - a potion of magic
 m - a potion of curing
 q - a potion of experience
 s - a potion of lignification
 u - a potion of stabbing
 z - a potion of haste
 B - a potion of mutation {unknown}
 C - a potion of heal wounds {unknown}
 I - 4 potions of ambrosia {unknown}
 M - a potion of invisibility {unknown}
Comestibles
 d - 12 rations


   Skills:
 - Level 5.6 Fighting
 + Level 2.2 Throwing
 - Level 8.0 Dodging
 - Level 8.0 Shields
 * Level 10.3 Unarmed Combat


You had 8 spell levels left.
You knew the following spells:

 Your Spells              Type           Power        Failure   Level  Hunger
a - Blink                 Tloc           N/A          65%         2    ###....

Your spell library contained the following spells:

 Spells                   Type           Power        Failure   Level  Hunger
 Magic Dart               Conj           #...         52%         1    ##.....
 Call Imp                 Summ           #.......     65%         2    ###....
 Slow                     Hex            #.......     65%         2    ###....
 Confusing Touch          Hex            #.......     87%         3    ####...
 Conjure Flame            Conj/Fire      #.......     87%         3    ####...
 Gell's Gravitas          Tloc           #.........   87%         3    ####...
 Mephitic Cloud           Conj/Pois/Air  #.......     87%         3    ####...
 Petrify                  Tmut/Erth      #.......     99%         4    #####..
 Metabolic Englaciation   Hex/Ice        #.........   100%        5    ######.
 Yara's Violent Unravell  Hex/Tmut       #.........   100%        5    ######.


Dungeon Overview and Level Annotations

Branches:
Dungeon (11/15)            Temple (1/1) D:7            Lair (0/6) D:8
    Orc (0/2) D:11         Bailey (visited)           IceCv (1/1)

Altars:
Cheibriados
Dithmenos
Elyvilon
Fedhas
Gozag
Hepliaklqana
Kikubaaqudgha
Makhleb
Nemelex Xobeh
Okawaru
Qazlal
Ru
Sif Muna
Trog
Uskayaw
Vehumet
Wu Jian
Xom
Yredelemnul
Zin
The Shining One
Jiyva

Annotations:
D:5 2 runed translucent doors
D:7 2 exclusions
D:8 Erica, Pikel IceCv exclusion: ice statue


Innate Abilities, Weirdness & Mutations

You are too large for most types of armour.
You have claws for hands.
Your metabolism is lightning-fast.
You like to eat raw meat.
Your natural rate of healing is unusually fast.
You are covered in fur. (AC +1)
You have extremely tough skin. (AC +3)
Your life essence is reduced to manifest your ancestor. (-10% HP)


Message History

The ice dragon is severely wounded.
You scratch the ice dragon but do no damage.
The ice dragon is severely wounded.
The ice dragon barely misses you. You block the ice dragon's attack.
The ice dragon tramples you.
You stumble backwards!
You barely miss the ice dragon.
The ice dragon is severely wounded.
The ice dragon bites you!
* * * LOW HITPOINT WARNING * * *
You block the ice dragon's attack. The ice dragon tramples you!
* * * LOW HITPOINT WARNING * * *
You hold your ground!
Okay, then.
Blink to where?
Press: ? - help, Dir - move target cursor You are very lightly contaminated with residual magic.
As you read the scroll of blinking, it crumbles to dust.
The ice dragon breathes frost at you. The blast of cold hits you!
You die...

##...# ##.###
#..#######....#
##R#..#....##.##
#...#....##.#.##
#######...###....##
#.####...######...##
....#..#.R#....##..#
.##..####...#.#.##.##
###### ######..@#..# #
###.##.## ###
##..#.#.# ####.###
####.§##..##
.#.R#..####.#.D##..##
...#R#...#.#..##.####
#.######....#....##≈##
### ########..#≈≈≈#
#####D#≈≈###


You could see an ice dragon.

Vanquished Creatures
  2 two-headed ogres
  A rime drake (IceCv)
  3 hippogriffs
  A wyvern (D:10)
  2 hungry ghosts
  An acid dragon (D:7)
  A soldier ant (D:10)
  A water moccasin (D:10)
  A sky beast (D:5)
  11 orc warriors
  11 ice beasts
  3 black bears
  3 ogres
  2 phantoms
  2 centaurs
  A crocodile (D:10)
  A big kobold (D:11)
  3 bullfrogs
  A water moccasin skeleton (D:9)
  3 scorpions
  2 killer bees
  A howler monkey (D:4)
  4 crimson imps
  A bullfrog zombie (D:5)
  3 hounds
  2 jellies
  3 centaur skeletons
  4 orc priests
  Terence (D:3)
  An iguana (D:9)
  10 orc wizards
  5 worker ants
  A killer bee zombie (D:9)
  4 hound skeletons
  A worker ant zombie (D:5)
  9 adders
  2 gnolls (D:10)
  A howler monkey skeleton (D:4)
  3 shadow imps
  2 worms
  3 dart slugs (D:1)
  6 leopard geckos
  46 orcs
  6 bats
  5 giant cockroaches
  7 goblins
  11 hobgoblins
  11 jackals
  3 quokkas
  4 ball pythons
  3 frilled lizards
  13 kobolds
  4 rats (D:1)
236 creatures vanquished.

Vanquished Creatures (collateral kills)
  A centaur zombie (D:11)
  A rime drake (IceCv)
  Prince Ribbit (D:9)
  2 orc warriors (Bailey)
  A black bear (D:9)
  An ice beast (IceCv)
  A bullfrog (D:7)
  A scorpion (D:7)
  A hound (D:10)
  2 worker ants
  A gnoll (D:10)
  6 orcs
  A giant cockroach (D:8)
  A quokka (D:10)
21 creatures vanquished.

Vanquished Creatures (others)
  An ancestor (Bailey)
  2 hexers (IceCv)
3 creatures vanquished.

Grand Total: 260 creatures vanquished

Notes
Turn   | Place    | Note
-------+----------+-------------------------------------------
     0 | D:1      | Amnekian the Troll Fighter began the quest for the Orb.
     0 | D:1      | Reached XP level 1. HP: 22/22 MP: 0/0
   122 | D:1      | Reached XP level 2. HP: 29/29 MP: 1/1
   271 | D:1      | Reached skill level 3 in Unarmed Combat
   595 | D:1      | Reached XP level 3. HP: 36/36 MP: 2/2
   966 | D:2      | Found a radiant altar of Vehumet.
  1276 | D:2      | Found a shadowy altar of Dithmenos.
  1517 | D:3      | Reached skill level 4 in Unarmed Combat
  1551 | D:3      | Reached XP level 4. HP: 31/44 MP: 3/3
  1554 | D:3      | Reached skill level 5 in Unarmed Combat
  1617 | D:3      | Reached XP level 5. HP: 52/52 MP: 4/4
  1684 | D:3      | Noticed Terence
  1693 | D:3      | Killed Terence
  1937 | D:3      | Found a shimmering blue altar of Sif Muna.
  2238 | D:4      | Reached XP level 6. HP: 55/62 MP: 5/5
  2267 | D:4      | Found a hide-covered altar of Uskayaw.
  2338 | D:4      | Found a glowing golden altar of the Shining One.
  2369 | D:4      | Found the +4 Cigotuvi's embrace {rRot *Drain rN+}
  2492 | D:4      | Reached skill level 5 in Fighting
  2611 | D:4      | Reached XP level 7. HP: 65/72 MP: 6/6
  2960 | D:5      | Entered Level 5 of the Dungeon
  3016 | D:5      | Upgraded the game from 0.25-a0-565-g8875c97ebb to
                  | 0.25-a0-571-gb5e01bddfa
  3038 | D:5      | Reached skill level 6 in Unarmed Combat
  3155 | D:5      | Found a runed translucent door.
  3163 | D:5      | Found a runed translucent door.
  3302 | D:5      | Learned a level 2 spell: Blink
  3394 | D:5      | Got a flickering wooden ring
  3397 | D:5      | Identified the ring "Bacseg" {rPois MR+ Stlth+} (You found
                  | it on level 5 of the Dungeon)
  3466 | D:5      | Reached skill level 7 in Unarmed Combat
  3466 | D:5      | Reached XP level 8. HP: 50/83 MP: 7/7
  3881 | D:6      | Reached skill level 8 in Unarmed Combat
  3958 | D:6      | Found a stormy altar of Qazlal.
  4001 | D:6      | Found an ancient bone altar of Kikubaaqudgha.
  4129 | D:6      | HP: 4/83 [orc warrior/+2 halberd of freezing (1)]
  4130 | D:6      | Reached skill level 9 in Unarmed Combat
  4637 | D:7      | Found a staircase to the Ecumenical Temple.
  4655 | D:7      | Reached XP level 9. HP: 28/89 MP: 8/8
  4765 | Temple   | Entered the Ecumenical Temple
  4885 | Temple   | Became a worshipper of Hepliaklqana the Forgotten
  5035 | D:7      | Found a basalt altar of Yredelemnul.
  6158 | D:8      | Reached * piety under Hepliaklqana
  6158 | D:8      | Found a staircase to the Lair.
  6169 | D:8      | Found a white marble altar of Elyvilon.
  6225 | D:8      | Noticed Erica
  6488 | D:8      | Reached skill level 5 in Dodging
  6488 | D:8      | Reached skill level 5 in Shields
  6511 | D:8      | Found an iron altar of Okawaru.
  6541 | D:8      | Noticed Pikel
  6551 | D:9      | Found a stormy altar of Qazlal.
  6735 | D:9      | Found a shimmering altar of Xom.
  6772 | D:9      | Noticed a two-headed ogre
  6817 | D:9      | Killed a two-headed ogre
  6817 | D:9      | Reached XP level 10. HP: 67/88 MP: 9/9
  6950 | D:9      | Found a bloodstained altar of Trog.
  6974 | D:9      | Found a flagged portal.
  6983 | Bailey   | Entered a bailey
  7375 | D:9      | Noticed Prince Ribbit
  7384 | D:9      | Killed Prince Ribbit
  7452 | D:10     | Entered Level 10 of the Dungeon
  7699 | D:10     | Reached ** piety under Hepliaklqana
  7705 | D:10     | Remembered your ancestor Otenka as a hexer
  7711 | D:10     | Noticed a two-headed ogre
  7728 | D:10     | Killed a two-headed ogre
  8521 | D:11     | Noticed a cyclops
  8521 | D:11     | Noticed a gargoyle
  8649 | D:11     | Found a staircase to the Orcish Mines.
  8823 | D:11     | Reached XP level 11. HP: 83/94 MP: 10/10
  8876 | D:11     | Reached *** piety under Hepliaklqana
  8944 | D:11     | Found a frozen archway.
  8955 | IceCv    | Entered an ice cave
  8977 | IceCv    | Reached skill level 1 in Throwing
  9100 | IceCv    | Reached skill level 10 in Unarmed Combat
  9441 | IceCv    | Noticed an ice dragon
  9441 | IceCv    | Noticed an ice dragon
  9464 | IceCv    | Killed from afar by an ice dragon

Levels and vault maps discovered:
D:1:      minmay_arrival_diagonal_passages, layout_basic
D:2:      layout_loops_ring, overflow_temple_1_default,
          overflow_temple_1_default
D:3:      layout_rooms, lemuel_round_altar, uniq_terence
D:4:      layout_cave_pods, old_standard_altar, eat_drink_and_be_merry_uskayaw,
          first_ration, grunt_tough_drop
D:5:      lemuel_insect_pit, layout_cave_pools, serial_park_tiny_2,
          corexii_checkpoint_b
D:6:      layout_loops_corners, kiku_gazebo_garden_becter, basic_altar,
          grunt_ministairs_9
D:7:      layout_basic, minmay_temple_entry_drinking_statues, basic_altar
D:8:      layout_loops_cross, kennysheep_mini_moat, kennysheep_okawaru_gauntlet,
          lair_entry_dummy, uniq_erica, uniq_pikel
D:9:      layout_long_grid, nicolae_overflow_crystal_walls, kennysheep_mini,
          nicolae_qazlal_style_of_elements, enter_bailey_8, uniq_prince_ribbit1
D:10:     layout_basic
D:11:     minmay_bloctagon, layout_loops_corners, david_orc_3,
          portal_ice_cave_entry_pillars_1
Temple:   pf_slime_end_temple
IceCv:    ice_cave_small_dragons

Skill      XL: |  1  2  3  4  5  6  7  8  9 10 11 |
---------------+----------------------------------+-----
Unarmed Combat | 3 4 5 7 9 10 | 10.3
Fighting       | 4 5 |  5.6
Dodging        | 3 5 8 |  8.0
Shields        | 3 5 8 |  8.0
Throwing       | 2 |  2.2

Action                   |  1- 3 |  4- 6 |  7- 9 | 10-12 || total
-------------------------+-------+-------+-------+-------++-------
Melee: Unarmed           |    97 |    97 |   303 |   260 ||   757
Throw: Dart              |       |       |     7 |       ||     7
       Stone             |       |       |     3 |       ||     3
       Boomerang         |       |       |    12 |    19 ||    31
Invok: Ancestor Identity |       |       |     1 |       ||     1
       Ancestor Life: He |       |       |       |     1 ||     1
 Abil: Evoke Flight      |       |       |       |     1 ||     1
Evoke: Wand              |       |       |     2 |     1 ||     3
  Use: Scroll            |       |       |    17 |     2 ||    19
       Potion            |       |       |     2 |     2 ||     4
 Stab: Sleeping          |     1 |       |     5 |     7 ||    13
       Distracted        |       |       |     1 |     2 ||     3
       Fleeing           |       |       |       |     1 ||     1
  Eat: Chunk             |    12 |    16 |    38 |    24 ||    90
Armor: Robe              |    34 |    21 |    67 |    28 ||   150
Dodge: Dodged            |    32 |    26 |    64 |    80 ||   202
Block: Kite shield       |    38 |    26 |   106 |   121 ||   291

Table legend:
 A = Non-vault XP
 B = Vault XP
 C = Vault XP percentage of total XP
 D = Non-vault monster count
 E = Vault monster count
 F = Vault count percentage of total count
                 A         B        C        D         E       F
            +---------+---------+-------+---------+---------+-------
      Total |    9844 |    3535 |  26.4 |     221 |      36 |  14.0
            +---------+---------+-------+---------+---------+-------
        D:1 |      46 |       0 |   0.0 |      25 |       0 |   0.0
        D:2 |      28 |       0 |   0.0 |       7 |       0 |   0.0
        D:3 |     224 |      36 |  13.8 |      33 |       1 |   2.9
        D:4 |     370 |     169 |  31.4 |      11 |       4 |  26.7
        D:5 |     788 |       4 |   0.5 |      24 |       2 |   7.7
        D:6 |     976 |       0 |   0.0 |      26 |       0 |   0.0
        D:7 |    1396 |       0 |   0.0 |      27 |       0 |   0.0
        D:8 |     417 |       3 |   0.7 |       6 |       2 |  25.0
        D:9 |    1769 |     537 |  23.3 |      21 |       3 |  12.5
       D:10 |    2924 |       0 |   0.0 |      24 |       0 |   0.0
       D:11 |     906 |     362 |  28.5 |      17 |       8 |  32.0
     Bailey |       0 |     274 | 100.0 |       0 |       3 | 100.0
      IceCv |       0 |    2150 | 100.0 |       0 |      13 | 100.0
            +---------+---------+-------+---------+---------+-------
